[Event "*** Titled Tuesday Blitz"]
[Site "Chess.com"]
[Date "2020.04.07"]
[Round "8"]
[White "Stameny"]
[Black "mamonika"]
[Result "1-0"]
[WhiteElo "2524"]
[BlackElo "1948"]
[TimeControl "180+1"]
[EndTime "14:33:30 PDT"]
[Termination "Stameny won by resignation"]

1. e4 c5 2. Nf3 d6 3. c3 Nf6 4.
Be2 g6 5. O-O Bg7 6. Re1 O-O 7.
Bf1 Nc6 8. h3 a6 9. d4 cxd4 10.
cxd4 d5 11. e5 Ne8 12. Nc3 Nc7 13. Be3 Bf5 14. Rc1 Rc8 15. Qb3 b5 16. Ne2 Na5 17. Qa3 Nc4 18. Qc3 a5 19. a3 Na6 20. Ng3 Be6 21. Ng5 b4 22. axb4 axb4 23. Qb3 Qb6 24. Nxe6 Qxe6 25. Bg5 Rc6 26. Qa4 Rfc8 27. b3 Nb2 28.
Rxc6 Qxc6 29. Qxa6 Qxa6 30. Bxa6 f6 31. Bxc8 fxg5 32.
Ba6 h5 33. Rb1 g4 1-0

[Event "*** Titled Tuesday Blitz"]
[Site "Chess.com"]
[Date "2020.04.07"]
[Round "8"]
[White "Gerasimenyuk_Miha"]
[Black "Kaua18"]
[Result "1-0"]
[WhiteElo "2381"]
[BlackElo "2182"]
[TimeControl "180+1"]
[EndTime "14:33:30 PDT"]
[Termination "Gerasimenyuk_Miha won on time"]

1. d4 Nf6 2. Nf3 b6 3. Bg5 Bb7 4. Nbd2 d5 5. e3 Nbd7 6. a4 e6 7. a5 c5 8. a6 Bc6 9. Ne5 Nxe5 10. dxe5 h6 11. Bh4 g5 12. Bg3 Ne4 13. Nxe4 dxe4 14.
Qh5 Bg7 15. Bc4 Qc8 16. h4 b5 17. Be2 Qc7 18. Rd1 Rd8 19. Rd6 Qa5+ 20. c3 Qa1+ 21. Bd1 Rxd6 22. exd6 b4 23. cxb4 Bb5 24. d7+ Bxd7 25.
O-O Bb5 26. Be2 Qxa6 27. Bxb5+ Qxb5 28. Bd6 cxb4 29. Rc1 Qd7 30. Bxb4 Bf8 31. Bxf8 Rxf8 32. Qxh6 gxh4 33. Qxh4 f5 34. Qf4 Rg8 35. g3 Qd2 36. Rc8+ 1-0

[Event "*** Titled Tuesday Blitz"]
[Site "Chess.com"]
[Date "2020.04.07"]
[Round "8"]
[White "narutosmith"]
[Black "marianokar"]
[Result "0-1"]
[WhiteElo "2199"]
[BlackElo "2359"]
[TimeControl "180+1"]
[EndTime "14:33:30 PDT"]
[Termination "marianokar won by resignation"]

1. c4 e5 2. Nc3 Nf6 3. Nf3 Nc6 4. d4 exd4 5. Nxd4 Bb4 6. Bg5 h6 7. Bh4 O-O 8. e3 g5 9. Bg3 Ne4 10. Rc1 d5 11. Nxc6 bxc6 12. Bd3 Nxc3 13. bxc3 Ba3 14. Rb1 dxc4 15. Bxc4 Bf5 16. Qxd8 Rfxd8 17. Rd1 Rxd1+ 18. Kxd1 Rb8 19. Bb3 Rd8+ 20. Ke2 Bd3+ 21. Kf3 Rd7 22. Rd1 g4+ 23. Kf4 Bd6+ 24. Kxg4 Be2+ 25. Kh3 Bxd1 26. Bxd1 Bxg3 27. Bg4 Rd2 28. Kxg3 Rxa2 29. Bd7 Rc2 30. Bxc6 Rxc3 31. Bd5 a5 32. Kf4 a4 33. Ke5 a3 34. Kd4 Rc2 35. f4 a2 36. Bxa2 Rxa2 37. e4 Rxg2 38. e5 Kg7 39. f5 Rxh2 40. Kd5 Re2 41. e6 fxe6+ 42. fxe6 Kf6 43. Kc6 Rxe6+ 44. Kxc7 h5 0-1

[Event "*** Titled Tuesday Blitz"]
[Site "Chess.com"]
[Date "2020.04.07"]
[Round "8"]
[White "SHIVACalypso"]
[Black "annacramling"]
[Result "0-1"]
[WhiteElo "2194"]
[BlackElo "1977"]
[TimeControl "180+1"]
[EndTime "14:33:30 PDT"]
[Termination "annacramling won by resignation"]

1. Nf3 c5 2. c4 Nc6 3. g3 g6 4.
Bg2 Bg7 5. O-O e5 6. Nc3 Nge7 7.
Ne1 d6 8. Nc2 Be6 9. Ne3 O-O 10.
Ned5 Rb8 11. a4 f5 12. d3 Kh8 13. f4 Nb4 14. e4 Nbxd5 15. cxd5 Bd7 16. Be3 exf4 17. gxf4 b6 18. d4 fxe4 19. dxc5 bxc5 20. Nxe4 Nf5 21. Bf2 Rxb2 22. Rb1 Rxb1 23. Qxb1 Bxa4 24. Qa2 Bb5 25. Rb1 a6 26. Ng5 Nd4 27. Bxd4 Bxd4+ 28. Kh1 Rxf4 29. Ne6 Qf6 30. Nxf4 Qxf4 31. Qb3 c4 32. Qh3 Kg7 33. Rf1 Qg5 34. Qd7+ Bxd7 35.
Re1 c3 36. Re7+ Kh6 37. Rxd7 c2 38. h4 c1=Q+ 39. Kh2 Qgf4+ 40. Kh3 Qf5+ 0-1

[Event "*** Titled Tuesday Blitz"]
[Site "Chess.com"]
[Date "2020.04.07"]
[Round "8"]
[White "Caclox"]
[Black "Saloni1299"]
[Result "1-0"]
[WhiteElo "2487"]
[BlackElo "2194"]
[TimeControl "180+1"]
[EndTime "14:33:31 PDT"]
[Termination "Caclox won by resignation"]

1. e4 e6 2. d4 d5 3. Nc3 Bb4 4.
e5 c5 5. a3 Bxc3+ 6. bxc3 Ne7 7. h4 Qc7 8. h5 h6 9. Nf3 Nbc6 10. Rh4 c4 11. Rf4 Bd7 12. a4 Rf8 13. Ba3 f5 14. Nh4 O-O-O 15. g3 Rg8 16. Be2 g5 17. hxg6 Nxg6 18.
Nxg6 Rxg6 19. a5 Rdg8 20. Bd6 Qd8 21. Bh5 Rg5 22. Kd2 Be8 23. Bf3 Ne7 24. Rh4 Rh8 25.
Qb1 Ng6 26. Rh1 h5 27. Qb4 Bc6 28. Qc5 f4 29. a6 Kd7 30. axb7 fxg3 31. Rxa7 Bxb7 32.
Rxb7+ Ke8 33. Qc6+ 1-0

[Event "*** Titled Tuesday Blitz"]
[Site "Chess.com"]
[Date "2020.04.07"]
[Round "8"]
[White "david_gomez"]
[Black "Eloist"]
[Result "1-0"]
[WhiteElo "2437"]
[BlackElo "2271"]
[TimeControl "180+1"]
[EndTime "14:33:31 PDT"]
[Termination "david_gomez won by resignation"]

1. e4 e6 2. d4 d5 3. exd5 exd5 4. c3 Bd6 5. Nf3 Ne7 6. Bd3 Bg4 7. O-O Nbc6 8. Re1 Qd7 9. Bg5 f6 10. Bh4 O-O 11.
Nbd2 Bf5 12. Bb5 a6 13. Ba4 Ng6 14. Bg3 Nf4 15. Nf1 Rfe8 16. Ne3 Be4 17. Bb3 Na5 18. Nd2 Nxb3 19. Qxb3 Qb5 20. Nxe4 Rxe4 21. Bxf4 Qxb3 22. axb3 Bxf4 23. Nxd5 Rxe1+ 24. Rxe1 Bd6 25. Ne7+ Kf7 26.
Nf5 a5 27. Nxd6+ cxd6 28. Kf1 b5 29. Ra1 Ke6 30. Ke2 Kd5 31. Kd3 a4 32. bxa4 bxa4 33. c4+ Kc6 34. b3 a3 35. Kc3 d5 36. Kb4 dxc4 37.
bxc4 a2 38. Kb3 Rd8 39. d5+ Kc5 40. Rxa2 Kd4 41. Rd2+ Kc5 42. Kc3 Ra8 43. Rb2 Ra1 44. Rb5+ Kd6 45. Rb6+ Ke5 46. Re6+ Kf5 47. Re2 Rc1+ 48.
Kd4 Rd1+ 49. Kc5 1-0

[Event "*** Titled Tuesday Blitz"]
[Site "Chess.com"]
[Date "2020.04.07"]
[Round "8"]
[White "WPWPWP-2015"]
[Black "Resignify"]
[Result "1-0"]
[WhiteElo "2399"]
[BlackElo "2222"]
[TimeControl "180+1"]
[EndTime "14:33:31 PDT"]
[Termination "WPWPWP-2015 won on time"]

1. e4 d6 2. d4 Nf6 3. Nc3 g6 4. f4 Bg7 5. Nf3 O-O 6. Bd3 Nc6 7.
d5 Nb4 8. Be3 c6 9. dxc6 bxc6 10. O-O Nxd3 11. Qxd3 a5 12. Rfe1 Qc7 13. Rad1 Ba6 14.
Qd2 Rab8 15. e5 Ng4 16. exd6 exd6 17. Bd4 Nf6 18. b3 Rfe8 19. h3 h6 20. Kh1 Kh7 21. f5 Rxe1+ 22. Rxe1 Re8 23. Rxe8 Nxe8 24. fxg6+ fxg6 25. Ne4 d5 26. Bxg7 Qxg7 27. Nc5 Bc8 28. Qxa5 Qf7 29.
Qd8 Bxh3 30. Qh4 Bxg2+ 31. Kxg2 Kg8 32. Qd8 Kf8 33. Nd7+ Kg7 34. Nde5 Qe6 35. a4 Qf5 36. Qe7+ 1-0

[Event "*** Titled Tuesday Blitz"]
[Site "Chess.com"]
[Date "2020.04.07"]
[Round "8"]
[White "Misticpikachu"]
[Black "UmutErdemGunduz"]
[Result "0-1"]
[WhiteElo "2235"]
[BlackElo "2414"]
[TimeControl "180+1"]
[EndTime "14:33:32 PDT"]
[Termination "UmutErdemGunduz won by resignation"]

1. c4 c5 2. g3 g6 3. Bg2 Bg7 4. Nf3 Nc6 5. O-O Nh6 6. Nc3 Nf5 7. d3 O-O 8. Bf4 a6 9. Qd2 d6 10. Qc1 Rb8 11. a4 Ncd4 12. Nxd4 Nxd4 13. Qd1 Bd7 14.
Rb1 b5 15. axb5 axb5 16. cxb5 Nxb5 17. Nxb5 Rxb5 18. Bd2 Rxb2 19. Rxb2 Bxb2 20. Qb3 Bf6 21. Rb1 h5 22. Qb7 Be6 23. Bd5 Bxd5 24. Qxd5 Qa8 25. Rb7 Qa1+ 26. Kg2 Qd1 27. Bh6 Rd8 28. Qe4 d5 29.
Qe3 d4 30. Qe4 Qa4 31. Rxe7 Bxe7 32. Qxe7 Qc6+ 33. f3 Re8 34. Qg5 Rxe2+ 35. Kf1 Qxf3+ 0-1

[Event "*** Titled Tuesday Blitz"]
[Site "Chess.com"]
[Date "2020.04.07"]
[Round "8"]
[White "swayamsm"]
[Black "dusanacns"]
[Result "1-0"]
[WhiteElo "2605"]
[BlackElo "2719"]
[TimeControl "180+1"]
[EndTime "14:33:34 PDT"]
[Termination "swayamsm won on time"]

1. d4 Nf6 2. Nf3 g6 3. Bg5 Bg7 4. Nbd2 O-O 5. c3 d6 6. e4 c5 7. dxc5 dxc5 8. Bc4 Nc6 9. Qe2 h6 10. Bh4 Nh5 11. Qe3 b6 12. O-O-O Qc7 13. Rhe1 Rb8 14. e5 b5 15. Bd5 b4 16. c4 Na5 17. h3 b3 18. axb3 g5 19. Bxg5 hxg5 20. Qxg5 Rb6 21. Qxh5 Rh6 22. Qg5 Rb6 23. Re3 Be6 24. Nh4 Bxd5 25. Rg3 1-0

[Event "*** Titled Tuesday Blitz"]
[Site "Chess.com"]
[Date "2020.04.07"]
[Round "8"]
[White "Megagigahiper3345"]
[Black "Bambi2006"]
[Result "0-1"]
[WhiteElo "2312"]
[BlackElo "2506"]
[TimeControl "180+1"]
[EndTime "14:33:37 PDT"]
[Termination "Bambi2006 won on time"]

1. d4 Nf6 2. c4 e6 3. Nf3 b6 4.
g3 Bb7 5. Bg2 Be7 6. O-O O-O 7.
Re1 d5 8. cxd5 exd5 9. Nc3 Nbd7 10. Bf4 Ne4 11. Rc1 c5 12. dxc5 Nxc3 13. Rxc3 bxc5 14.
Ne5 g5 15. Nxd7 Qxd7 16. Bc1 Rab8 17. e4 d4 18. Rf3 Bc8 19. Rf5 Qd6 20. Rd5 Qg6 21. f4 gxf4 22. gxf4 Bb7 23. Re5 Rbe8 24. f5 Qg7 25. Bf4 Bh4 26. Rxe8 Rxe8 27. Re2 Qg4 28. Kh1 Qxf4 29. Qg1 Kh8 0-1

[Event "*** Titled Tuesday Blitz"]
[Site "Chess.com"]
[Date "2020.04.07"]
[Round "8"]
[White "iLuusions"]
[Black "serhanberat_ozdemir"]
[Result "0-1"]
[WhiteElo "2581"]
[BlackElo "2486"]
[TimeControl "180+1"]
[EndTime "14:33:38 PDT"]
[Termination "serhanberat_ozdemir won on time"]

1. d4 Nf6 2. c4 g6 3. Nc3 Bg7 4. e4 d6 5. h3 O-O 6. Bg5 c5 7.
d5 h6 8. Be3 e6 9. Bd3 exd5 10.
cxd5 a6 11. a4 Nbd7 12. Nf3 Qc7 13. O-O Rb8 14. Re1 Re8 15. Qc2 c4 16. Be2 b5 17.
axb5 axb5 18. Ra7 Rb7 19. Nxb5 Qb8 20. Rxb7 Bxb7 21. Nc3 Nc5 22. Bxc5 dxc5 23. Bxc4 Nd7 24. Bb5 Re7 25. Bxd7 Rxd7 26. Na4 Bf8 27. Nxc5 Rc7 28.
b4 Bxd5 29. exd5 Qxb4 30. Qd3 Rxc5 31. g3 Rc3 32. Qe4 Qxe4 0-1

[Event "*** Titled Tuesday Blitz"]
[Site "Chess.com"]
[Date "2020.04.07"]
[Round "8"]
[White "aquiles88"]
[Black "gvanna"]
[Result "0-1"]
[WhiteElo "2219"]
[BlackElo "2443"]
[TimeControl "180+1"]
[EndTime "14:33:39 PDT"]
[Termination "gvanna won by resignation"]

1. g3 c5 2. Bg2 Nc6 3. Nf3 g6 4. d4 cxd4 5. Nxd4 Bg7 6. c3 Nf6 7. O-O O-O 8. Re1 d5 9. Nd2 e5 10. Nxc6 bxc6 11. c4 Bb7 12. b3 Re8 13. Bb2 Qe7 14.
e4 Rad8 15. Qe2 h5 16. h3 d4 17. Rad1 Bc8 18. Kh2 Qc7 19. Bf1 Nh7 20. f3 h4 21. g4 Bh6 22. Ra1 Qa5 23. Red1 Bf4+ 24. Kg2 Ng5 25. Qd3 Ne6 26. Qc2 Nc5 27. Bd3 Be6 28. Nf1 Qc7 29. Bc1 a5 30. Bxf4 exf4 31.
Nd2 Rb8 32. Re1 Qe5 33. Rad1 Rb7 34. Re2 Ra8 35. Rb1 Rab8 36. a3 Nd7 37. Rb2 c5 38. Re1 Rb6 39. Reb1 R8b7 40. Qd1 Qb8 41. Qc2 Ne5 42. Kf2 a4 43. Ke2 Bd7 44. Kf2 axb3 45. Nxb3 Ba4 46. Ke2 Rxb3 0-1

[Event "*** Titled Tuesday Blitz"]
[Site "Chess.com"]
[Date "2020.04.07"]
[Round "8"]
[White "IMTominho"]
[Black "lachesisQ"]
[Result "0-1"]
[WhiteElo "2833"]
[BlackElo "3146"]
[TimeControl "180+1"]
[EndTime "14:33:41 PDT"]
[Termination "lachesisQ won by resignation"]

1. d4 Nf6 2. c4 g6 3. Nc3 d5 4.
Nf3 Bg7 5. Bg5 dxc4 6. e4 c5 7. d5 b5 8. e5 b4 9. exf6 exf6 10. Be3 bxc3 11. bxc3 f5 12. Rc1 O-O 13. Bxc4 Nd7 14. Be2 Qa5 15. Qd2 c4 16. Bxc4 f4 17. Bxf4 Re8+ 18. Be3 Ba6 19. Bxa6 Qxa6 20. c4 Rac8 21. O-O Rxc4 22. Rxc4 Qxc4 23. Rc1 Qb5 24. h3 a5 25.
d6 h5 26. Bd4 Bf8 27. Ba1 Qb4 28. Qd3 Re6 29. Bc3 Qa3 30. Rc2 Rxd6 31. Qe2 Re6 32. Qc4 Qd6 33. Ng5 Qd1+ 34. Kh2 Bd6+ 35.
g3 Qxc2 36. Nxe6 Qxf2+ 37. Kh1 Qf3+ 38. Kg1 Qxg3+ 0-1

[Event "*** Titled Tuesday Blitz"]
[Site "Chess.com"]
[Date "2020.04.07"]
[Round "8"]
[White "Tormoz"]
[Black "LiemLe"]
[Result "0-1"]
[WhiteElo "2669"]
[BlackElo "2946"]
[TimeControl "180+1"]
[EndTime "14:33:41 PDT"]
[Termination "LiemLe won by resignation"]

1. d4 Nf6 2. Nf3 e6 3. g3 b5 4.
Bg2 Bb7 5. O-O d5 6. a4 b4 7. c4 bxc3 8. Nxc3 Nbd7 9. Bf4 a6 10. a5 Be7 11. Qa4 O-O 12. b4 Ne8 13. e4 dxe4 14.
Ne5 Ndf6 15. Rfd1 Nd6 16. Nc6 Qe8 17. Nxe7+ Qxe7 18. Rac1 Rfd8 19. Bg5 h6 20. Bxf6 gxf6 21. d5 f5 22. Qa2 Ne8 23. Bf1 exd5 24. Nxd5 Qe5 25.
Bc4 Kg7 26. Nf4 Nd6 27. Bd5 Rab8 28. Rxc7 e3 29. Bxb7 exf2+ 30. Qxf2 Ne4 31. Qa7 Rxd1+ 32. Kg2 Rd2+ 33. Kg1 Qa1+ 0-1

[Event "*** Titled Tuesday Blitz"]
[Site "Chess.com"]
[Date "2020.04.07"]
[Round "8"]
[White "ckgchess"]
[Black "SPEEDSKATER"]
[Result "1-0"]
[WhiteElo "2643"]
[BlackElo "2779"]
[TimeControl "180+1"]
[EndTime "14:33:42 PDT"]
[Termination "ckgchess won by resignation"]

1. e4 e6 2. d4 d5 3. exd5 exd5 4. Nf3 Nf6 5. Bd3 Be7 6. O-O O-O 7. Re1 c6 8. h3 Re8 9. c3 Nbd7 10. Bf4 Nf8 11. Nbd2 Ng6 12. Bg3 Bd6 13. Rxe8+ Nxe8 14. Ne5 Qc7 15.
Ndf3 Nf6 16. Qc2 Be6 17. Re1 Re8 18. Ng5 Nd7 19. f4 Ndxe5 20. fxe5 Bf8 21. Rf1 Qe7 22. h4 h6 23. Nxf7 Bxf7 24. Bxg6 Bxg6 25. Qxg6 Qe6 26.
Rf6 Qd7 27. h5 Qe7 28. Bh4 Qd7 29. a4 a6 30. a5 Qc7 31. e6 Qe7 32. Qf7+ Kh8 33.
Rxh6+ 1-0

[Event "*** Titled Tuesday Blitz"]
[Site "Chess.com"]
[Date "2020.04.07"]
[Round "8"]
[White "Unknown_IM"]
[Black "rubhani"]
[Result "1-0"]
[WhiteElo "2634"]
[BlackElo "2470"]
[TimeControl "180+1"]
[EndTime "14:33:42 PDT"]
[Termination "Unknown_IM won by resignation"]

1. d4 Nf6 2. c4 e6 3. Nc3 Bb4 4.
e3 O-O 5. Ne2 c6 6. a3 Ba5 7.
Bd2 d5 8. Ng3 Nbd7 9. Bd3 c5 10.
cxd5 cxd4 11. exd4 Nxd5 12. O-O N7f6 13. Rc1 Bb6 14.
Bg5 h6 15. Nxd5 exd5 16. Bf4 Bg4 17. Qa4 Bd7 18. Qd1 Re8 19. Bb1 Bb5 20. Bd3 Bxd3 21. Qxd3 Ne4 22. Be5 f6 23. Bf4 Qd7 24. Ne2 Rac8 25.
Qf3 Ng5 26. Bxg5 hxg5 27. Nc3 Bxd4 28. Nxd5 Bxb2 29. Rcd1 Qe6 30. h3 Qe4 31. Qb3 Qc2 32.
Nxf6+ 1-0

[Event "*** Titled Tuesday Blitz"]
[Site "Chess.com"]
[Date "2020.04.07"]
[Round "8"]
[White "thedjoker98"]
[Black "wnstop"]
[Result "0-1"]
[WhiteElo "2467"]
[BlackElo "2590"]
[TimeControl "180+1"]
[EndTime "14:33:42 PDT"]
[Termination "wnstop won by resignation"]

1. d4 Nf6 2. c4 g6 3. Nc3 Bg7 4.
e4 d6 5. h3 O-O 6. Be3 e5 7.
d5 Na6 8. Nf3 Nc5 9. Qc2 c6 10. b4 Ncxe4 11. Nxe4 Nxe4 12. Qxe4 f5 13. Qc2 f4 14. Rd1 fxe3 15. fxe3 cxd5 16. cxd5 Qb6 17. Qb3 e4 18. Nd4 Be5 19. Rd2 Bd7 20. Be2 Bg3+ 21.
Kd1 Rf2 22. Bg4 Bxg4+ 23. hxg4 Raf8 24. Ne2 Be5 25. Rc2 Qb5 26. Qc4 Qa4 27. Qxe4 Rc8 28. Re1 Rxg2 29. Nd4 Rgxc2 30. Nxc2 Qxa2 0-1

[Event "*** Titled Tuesday Blitz"]
[Site "Chess.com"]
[Date "2020.04.07"]
[Round "8"]
[White "CalinGheorghiu"]
[Black "Ariadna_Atreides"]
[Result "1-0"]
[WhiteElo "2411"]
[BlackElo "2039"]
[TimeControl "180+1"]
[EndTime "14:33:42 PDT"]
[Termination "CalinGheorghiu won by checkmate"]

1. h4 e5 2. h5 h6 3. e4 Nf6 4. Nc3 Nc6 5. Nd5 Nxe4 6. Qf3 Ng5 7. Qg3 d6 8. c3 Be6 9. Ne3 Qd7 10. Bd3 Be7 11.
Nf3 O-O-O 12. b4 f5 13. Nxg5 Bxg5 14. Nc4 f4 15. Qf3 Bg4 16. Qd5 Be6 17. Qb5 a6 18.
Qa4 d5 19. Na5 Nxa5 20. Qxa5 e4 21. Bf1 d4 22. Bb2 dxc3 23. Bxc3 e3 24. fxe3 fxe3 25. d4 Qd6 26. Be2 Qg3+ 27. Kd1 Rd5 28. Qa4 Qxg2 29. Re1 Rhd8 30. b5 Rxb5 31. Bxb5 axb5 32. Qxb5 Bg4+ 33. Kc1 e2+ 34. Kb2 Qe4 35. Rab1 Kb8 36. Ka1 c6 37. Qxb7# 1-0

[Event "*** Titled Tuesday Blitz"]
[Site "Chess.com"]
[Date "2020.04.07"]
[Round "8"]
[White "cassoulet"]
[Black "pastouche06"]
[Result "1-0"]
[WhiteElo "2724"]
[BlackElo "2500"]
[TimeControl "180+1"]
[EndTime "14:33:43 PDT"]
[Termination "cassoulet won by resignation"]

1. e4 c6 2. Nc3 d5 3. d4 dxe4 4.
Nxe4 Nf6 5. Nxf6+ exf6 6. c3 Bd6 7. Bd3 O-O 8. Qc2 Re8+ 9. Ne2 h5 10. Be3 Nd7 11.
O-O-O Nf8 12. Ng3 g6 13. Kb1 b5 14. Ne4 Be7 15. h3 Be6 16. g4 h4 17. Rhe1 a5 18.
f4 Qd5 19. b3 a4 20. b4 f5 21.
gxf5 Bxf5 22. Nf2 Bxd3 23. Nxd3 Qf5 24. Ne5 Qxc2+ 25. Kxc2 Rac8 26. Rg1 Bf6 27. Rg4 Ne6 28. Bf2 Ng7 29. Kd3 Nf5 30. Rdg1 Kg7 31. Nd7 Be7 32. Re1 Rcd8 33. Ne5 Rd6 34. Nf3 Rh8 35. a3 Bf6 36. Nd2 Rhd8 37. Ne4 Re6 38. Nxf6 Kxf6 39. Bxh4+ Nxh4 40.
Rxe6+ Kxe6 41. Rxh4 Kf5 42. Rg4 Rh8 43. Rg5+ Kf6 44. Rc5 Rxh3+ 45. Ke4 Ke7 46. Rxc6 Rh4 47. Kf3 f5 48. Rxg6 1-0

[Event "*** Titled Tuesday Blitz"]
[Site "Chess.com"]
[Date "2020.04.07"]
[Round "8"]
[White "KuzubovYuriy"]
[Black "Paralinch"]
[Result "0-1"]
[WhiteElo "2828"]
[BlackElo "2947"]
[TimeControl "180+1"]
[EndTime "14:33:46 PDT"]
[Termination "Paralinch won on time"]

1. d4 d5 2. c4 dxc4 3. e4 e5 4. Nf3 exd4 5. Bxc4 Bb4+ 6. Bd2 Bxd2+ 7. Nbxd2 Nc6 8.
Qb3 Nh6 9. Bb5 Bd7 10. Nc4 O-O 11. O-O-O Ng4 12. Rd2 Qe7 13. Bxc6 Bxc6 14. Nxd4 Bd7 15. f3 Ne5 16. Kb1 Nxc4 17. Qxc4 c5 18. Nb5 Be6 19. Qc3 h6 20. Rhd1 b6 21. h3 Qg5 22.
Nd6 Rad8 23. g4 Rd7 24. e5 Qf4 25. Re2 Bxa2+ 26. Kxa2 Qa4+ 27. Qa3 Qxd1 28. Re3 Qd5+ 29. Kb1 f6 30. Rd3 Qe6 31. f4 fxe5 32. f5 Qe7 33. Qb3+ Kh8 34. Ne4 Rfd8 35. Rxd7 Qxd7 36. Nc3 e4 0-1

[Event "*** Titled Tuesday Blitz"]
[Site "Chess.com"]
[Date "2020.04.07"]
[Round "8"]
[White "nfds"]
[Black "Jeffinho023"]
[Result "1-0"]
[WhiteElo "2584"]
[BlackElo "2460"]
[TimeControl "180+1"]
[EndTime "14:33:46 PDT"]
[Termination "nfds won by resignation"]

1. e4 c6 2. Nc3 d5 3. Nf3 Bg4 4.
Be2 e6 5. h3 Bh5 6. O-O Nd7 7.
d4 dxe4 8. Nxe4 Ngf6 9. Ng3 Bg6 10. Ne5 Nxe5 11. dxe5 Qxd1 12. Rxd1 Nd7 13. f4 O-O-O 14. c3 Be7 15. Be3 a6 16. Bf3 Nc5 17. b4 Na4 18. Bd4 Rd7 19. a3 Rhd8 20. Rf1 Bh4 21. Ne4 Be7 22.
Rfe1 Nb2 23. Nc5 Bxc5 24. bxc5 Nd3 25. Rf1 Nxf4 26. Bxc6 Nxh3+ 27. gxh3 bxc6 28. Kg2 Rb7 29. Rf2 Kc7 30. Kg3 Rdb8 31. h4 h5 32. Kf4 Rb2 33. Raf1 Rxf2+ 34. Rxf2 Rb1 35. Ra2 Rh1 36. Bf2 Rc1 37.
Bd4 Re1 38. Kf3 Re4 39. Bf2 Rc4 40. Bd4 Ra4 41. Ke3 Ra5 42. a4 Bc2 43. Rxc2 Rxa4 44.
Rf2 1-0

[Event "*** Titled Tuesday Blitz"]
[Site "Chess.com"]
[Date "2020.04.07"]
[Round "8"]
[White "DDTerziev04"]
[Black "JulAnt"]
[Result "1/2-1/2"]
[WhiteElo "2261"]
[BlackElo "2417"]
[TimeControl "180+1"]
[EndTime "14:33:47 PDT"]
[Termination "Game drawn by repetition"]

1. e4 c5 2. Nf3 e6 3. g3 Nc6 4. Bg2 d6 5. O-O Nf6 6. Nc3 Be7 7. d4 cxd4 8. Nxd4 O-O 9. Re1 Bd7 10. Be3 Nxd4 11.
Bxd4 Bc6 12. e5 dxe5 13. Bxe5 Bxg2 14. Kxg2 Qb6 15. Qf3 Rad8 16. Rad1 Rxd1 17. Rxd1 Qxb2 18. Rb1 Qxc2 19. Rxb7 Bd8 20. Rxa7 Bb6 21. Rb7 Ba5 22. Bxf6 gxf6 23. Ne4 f5 24. Ng5 Bd2 25. h4 Bxg5 26.
hxg5 Rd8 27. Ra7 Rd2 28. Qf4 Qc6+ 29. Qf3 Qc5 30. Ra8+ Kg7 31. Ra6 Qc4 32. Rc6 Qd4 33.
Ra6 Qc4 34. Ra8 Rxa2 35. Rxa2 Qxa2 36. Qc3+ Kg8 37. Qc8+ Kg7 38. Qc3+ Kg8 39. Qc8+ Kg7 40. Qc3+ 1/2-1/2

[Event "*** Titled Tuesday Blitz"]
[Site "Chess.com"]
[Date "2020.04.07"]
[Round "8"]
[White "dopolian"]
[Black "Zurability"]
[Result "0-1"]
[WhiteElo "2491"]
[BlackElo "2666"]
[TimeControl "180+1"]
[EndTime "14:33:48 PDT"]
[Termination "Zurability won by resignation"]

1. e4 c5 2. Nf3 d6 3. d4 cxd4 4. Nxd4 Nf6 5. Nc3 a6 6. g3 e5 7.
Nde2 Be7 8. h3 h5 9. Bg2 Be6 10.
a4 Nbd7 11. O-O Rc8 12. Be3 Nb6 13. b3 Nbd7 14. Rc1 O-O 15. Qd2 h4 16. g4 Nh7 17.
Nd5 Bg5 18. f4 exf4 19. Nexf4 Bxd5 20. Qxd5 Nc5 21. Rcd1 Ne6 22. Kh1 Bxf4 23. Bxf4 Nxf4 24. Rxf4 Rxc2 25. e5 Rc5 26. Qxd6 Qc8 27. Rf5 Rc2 28. Bd5 Qc3 29. Rf3 Qb2 30. e6 Ng5 31. exf7+ Kh7 32. Rfd3 Rf2 33. Qxf8 Rh2+ 0-1

[Event "*** Titled Tuesday Blitz"]
[Site "Chess.com"]
[Date "2020.04.07"]
[Round "8"]
[White "cuprichanin"]
[Black "Treacherous_horse64"]
[Result "0-1"]
[WhiteElo "2302"]
[BlackElo "2188"]
[TimeControl "180+1"]
[EndTime "14:33:48 PDT"]
[Termination "Treacherous_horse64 won by checkmate"]

1. Nc3 c6 2. e4 d5 3. d4 b5 4. exd5 b4 5. Ne4 cxd5 6. Ng3 e6 7. Nf3 Nf6 8. Bd3 a5 9. O-O Ba6 10. Re1 Bxd3 11. Qxd3 Nc6 12. Ne5 Qc7 13. f4 Rc8 14. f5 Nxd4 15. Bf4 Qb6 16. Be3 Bc5 17. fxe6 fxe6 18. c3 Nc6 19. Nxc6 Qxc6 20. cxb4 axb4 21. Rac1 Qb6 22. Rxc5 Rxc5 23. Qd4 Nd7 24. Qxg7 Rf8 25. Qxh7 Qc6 26. Nh5 Rc2 27. Ng7+ Kd8 28. Bg5+ Kc8 29. Nxe6 d4 30. Qh3 Rff2 31. Nxd4 Rxg2+ 32. Kf1 Rcf2# 0-1

[Event "*** Titled Tuesday Blitz"]
[Site "Chess.com"]
[Date "2020.04.07"]
[Round "8"]
[White "Gennady_Kozlov"]
[Black "IMJonathanCarlstedt"]
[Result "1/2-1/2"]
[WhiteElo "2586"]
[BlackElo "2478"]
[TimeControl "180+1"]
[EndTime "14:33:49 PDT"]
[Termination "Game drawn by repetition"]

1. b3 d5 2. Bb2 Bg4 3. f3 Bc8 4. e3 c6 5. f4 Nf6 6. Nf3 Nbd7 7. Be2 e6 8. O-O Bd6 9. Qe1 Qc7 10. a4 e5 11. fxe5 Nxe5 12. Nxe5 Bxe5 13. Bxe5 Qxe5 14.
Nc3 O-O 15. Qh4 h6 16. Rae1 Qg5 17. Qxg5 hxg5 18. Bd3 Be6 19. Bf5 Rae8 20. Bxe6 Rxe6 21. Rf5 Nh7 22. Ne2 f6 23. Nd4 Re5 24. b4 g6 25.
Rf2 f5 26. c3 g4 27. a5 a6 28. h4 Nf6 29. d3 Rfe8 30. Nc2 Nh5 31. Rb1 g3 32.
Rf3 Kg7 33. Kf1 Rh8 34. Ke2 f4 35. Kd2 Rhe8 36. Rbf1 Kh6 37. d4 Re4 38. Kd3 g5 39.
hxg5+ Kxg5 40. Kd2 Kg4 41. Kd3 Kg5 42. Kd2 Kf5 43.
Kd3 Kg4 44. Kd2 Kg5 45. Ke2 fxe3 46. Nxe3 Nf4+ 47. Kd2 Nh5 48. Rf5+ Kg6 49. R5f3 Kg5 50. Kd3 Nf4+ 51. Kd2 Nh5 1/2-1/2

[Event "*** Titled Tuesday Blitz"]
[Site "Chess.com"]
[Date "2020.04.07"]
[Round "8"]
[White "Shivagami"]
[Black "2165149677570"]
[Result "1-0"]
[WhiteElo "2189"]
[BlackElo "2361"]
[TimeControl "180+1"]
[EndTime "14:33:49 PDT"]
[Termination "Shivagami won on time"]

1. d4 Nf6 2. c4 e6 3. Nc3 Bb4 4. f3 c5 5. d5 d6 6. a3 Ba5 7. e4 b5 8. cxb5 exd5 9. exd5 O-O 10. Bc4 Nh5 11. g3 Re8+ 12. Ne2 Bh3 13. Kf2 Nd7 14. Ne4 Ne5 15. Ba2 Nxf3 16. Kxf3 Rxe4 17. Kxe4 Qf6 18.
Nf4 Bg2+ 19. Nxg2 Re8+ 20. Kd3 Qf5+ 21. Kc4 Re4+ 22. Kb3 c4+ 23. Ka4 c3+ 24. b4 Bb6 25. Re1 Rxe1 26. Qxe1 g6 27. Bh6 Nf6 28. Qxc3 g5 29. Rc1 1-0

[Event "*** Titled Tuesday Blitz"]
[Site "Chess.com"]
[Date "2020.04.07"]
[Round "8"]
[White "Filip_Covic"]
[Black "fugadelafuga"]
[Result "0-1"]
[WhiteElo "2328"]
[BlackElo "2315"]
[TimeControl "180+1"]
[EndTime "14:33:49 PDT"]
[Termination "fugadelafuga won on time"]

1. d4 Nf6 2. c4 c5 3. d5 b5 4. cxb5 a6 5. bxa6 g6 6. Nc3 Bg7 7. e4 O-O 8. Nf3 Qa5 9. Bd3 Nxe4 10. Bxe4 Bxa6 11. Bd2 Qb4 12. Qc2 f5 13. Bd3 Bxd3 14. Qxd3 Qxb2 15. O-O Na6 16. a3 c4 17. Qe3 Bf6 18. Rfb1 Qc2 19. Ne1 f4 20. Nxc2 fxe3 21. Nxe3 Nc5 22. Nxc4 Na4 23. Nb6 Nxc3 24. Bxc3 Bxc3 25.
Nxa8 Bxa1 26. Rxa1 Rxa8 27. a4 Kg7 28. Kf1 Kf6 29.
f4 Ra5 30. Ke2 g5 31. g3 gxf4 32. gxf4 Kf5 33. Kf3 Rxd5 34. a5 Rd3+ 35. Ke2 Rb3 36. a6 Rb8 37. a7 Ra8 38. Kf3 e6 39. Ra5+ d5 40. h3 h6 41. h4 h5 0-1

[Event "*** Titled Tuesday Blitz"]
[Site "Chess.com"]
[Date "2020.04.07"]
[Round "8"]
[White "Kislov_Oleg"]
[Black "rugbyclub"]
[Result "1-0"]
[WhiteElo "2428"]
[BlackElo "2106"]
[TimeControl "180+1"]
[EndTime "14:33:49 PDT"]
[Termination "Kislov_Oleg won by resignation"]

1. e4 e5 2. Nf3 Nc6 3. d4 exd4 4.
Nxd4 Nf6 5. Nxc6 bxc6 6. e5 Nd5 7. c4 Nb6 8. Bd3 Qe7 9. Qe2 a5 10. O-O g6 11. b3 Bg7 12. f4 O-O 13. Ba3 c5 14. Nc3 d6 15. Qf2 a4 16. Ne4 Rd8 17. Bc2 Bb7 18. Bb2 a3 19. Bc3 Rab8 20. Rae1 dxe5 21.
Nxc5 Nd7 22. Nxb7 Rxb7 23. fxe5 Bxe5 24. Bxe5 Nxe5 25. Be4 Rbb8 26. Bd5 Rf8 27. Qd4 Rbe8 28. Re3 c6 29. Rfe1 cxd5 30. Rxe5 Qb4 31. Rxe8 1-0